 Dungeon Crawl Stone Soup version 0.30-a0-739-gea05faddec (webtiles) character file.

Game seed: 18311837904012527869

130 scionoferis the Ducker (level 4, -6/36 HPs)
             Began as a Demigod Hexslinger on Feb 5, 2023.
             Splashed by a jelly's acid (9 damage)
             ... on level 4 of the Dungeon.
             The game lasted 00:04:35 (2111 turns).

scionoferis the Ducker (Demigod Hexslinger)         Turns: 2111, Time: 00:04:36

Health: -6/36      AC: -2    Str: 11    XL:     4   Next: 60%
Magic:  8/8        EV: 13    Int: 15    God:
Gold:   126        SH:  0    Dex: 18    Spells: 4/5 levels left

rFire   . . .      SeeInvis .    a - +0 long sword
rCold   . . .      Faith    .    (no shield)
rNeg    . . .      Spirit   .    c - +0 robe
rPois   .          Reflect  .    (no helmet)
rElec   .          Harm     .    (no cloak)
rCorr   .          Rampage  .    (no gloves)
Will    .....                    (no boots)
Stlth   ++                       (no amulet)
HPRegen 0.26/turn                k - ring of flight
MPRegen 0.11/turn                q - +4 ring of protection

@: corroded, flying
A: high MP 1, forlorn, divine attributes
a: no special abilities


You were on level 4 of the Dungeon.
You visited 1 branch of the dungeon, and saw 4 of its levels.

You collected 192 gold pieces.
You spent 66 gold pieces at shops.


Innate Abilities, Weirdness & Mutations

You have an increased reservoir of magic. (+10% MP)
You shall have no god before yourself.
Your divine heritage dramatically boosts your attributes as you level up.


   Skills:
 + Level 1.9 Fighting
 * Level 1.6 Long Blades
 - Level 1.7 Ranged Weapons
 * Level 3.2 Dodging
 + Level 1.8 Stealth
 - Level 1.0 Spellcasting
 - Level 2.6 Hexes


You had 4 spell levels left.
You knew the following spells:

 Your Spells              Type           Power      Damage    Failure   Level
a - Slow                  Hex            32%        N/A       9%          1

Your spell library contained the following spells:

 Spells                   Type           Power      Damage    Failure   Level
 Blink                    Tloc           0%         N/A       36%         2
 Lesser Beckoning         Tloc           0%         N/A       36%         2
 Momentum Strike          Conj/Tloc      0%         3d8       36%         2
 Inner Flame              Hex/Fire       4%         N/A       38%         3
 Portal Projectile        Hex/Tloc       8%         N/A       38%         3
 Cause Fear               Hex            4%         N/A       63%         4

Inventory:

Hand Weapons
 a - a +0 long sword (weapon)
   (You found it on level 2 of the Dungeon)
 b - a +1 sling
Missiles
 o - 2 boomerangs
Armour
 c - a +0 robe (worn)
Jewellery
 k - a ring of flight (left hand)
   (You found it on level 2 of the Dungeon)
 q - a +4 ring of protection (right hand)
   (You found it on level 3 of the Dungeon)
Scrolls
 d - a scroll of immolation {unknown}
 f - a scroll of silence {unknown}
 j - 3 scrolls of identify {unknown}
 m - a scroll of poison
 p - a scroll of blinking {unknown}
 r - a scroll of vulnerability {unknown}
 s - a scroll of teleportation {unknown}
 t - a scroll of noise {unknown}
Potions
 e - a potion of lignification
 g - a potion of might
 h - a potion of resistance {unknown}
 i - a potion of mutation {unknown}
 l - a potion of degeneration {unknown}
 n - 4 potions of curing {unknown}

Dungeon Overview and Level Annotations

Branches:
Dungeon (4/15)
 Temple: D:4-7

Shops:
D:1 * D:2

[ #########.#
#)).......#
#)#######.# #<# #)#
#######.#######
.#######..............
...........###.#######
#..J@...# #.#
#.......# #..
#.......# ####
#.......# #.......#
#.###.### #. #.# #.
#.# #.#


You could see a jelly.


Message History

Welcome, scionoferis the Demigod Hexslinger.
They say the Orb of Zot lies within this dungeon, but they say a lot of things.
Press ? for a list of commands and other information.
Found a staircase leading out of the dungeon.
Unknown command.
You open the door. You open the door. You open the door.
As you open the door, it creaks loudly!
There is an open door here.
You open the door.
There is an open door here.
You open the door.
There is an open door here.
You now have 4 gold pieces.
A goblin comes into view. It is wielding a +0 dagger.
Found 18 gold pieces.
You shoot a sling bullet. The sling bullet hits the goblin.
The goblin is severely wounded.
You shoot a sling bullet.
The sling bullet closely misses the goblin.
You shoot a sling bullet.
The sling bullet hits the goblin but does no damage.
The goblin is severely wounded.
You shoot a sling bullet. The sling bullet hits the goblin!
You kill the goblin!
No target in view!
No target in view!
Found a stone staircase leading down.
You now have 22 gold pieces (gained 18).
You now have 30 gold pieces (gained 8).
Found Jyzihusu's Assorted Antiques.
No target in view!
No target in view!
No target in view!
Found a ring mail.
There is an entrance to Jyzihusu's Assorted Antiques here.
Unknown command.
d - a scroll labelled LOACWUT PESTU
There is a fountain of clear blue water here.
Found a ring mail.
You now have 41 gold pieces (gained 11).
A dart slug comes into view.
You shoot a sling bullet. The sling bullet hits the dart slug.
The dart slug is heavily wounded.
You shoot a sling bullet.
The sling bullet barely misses the dart slug.
The dart slug launches a dart at you. The slug dart hits you.
You shoot a sling bullet. The sling bullet hits the dart slug.
The dart slug is almost dead.
You shoot a sling bullet. The sling bullet hits the dart slug.
You kill the dart slug!
Your Fighting skill increases to level 1!
Your Dodging skill increases to level 2!
No target in view!
No target in view!
HP restored.
A rat comes into view.
You shoot a sling bullet. The sling bullet hits the rat.
You kill the rat!
No target in view!
No target in view!
Found a scale mail.
An endoplasm comes into view.
You shoot a sling bullet. The sling bullet hits the endoplasm.
The endoplasm quivers.
The endoplasm is heavily wounded.
You shoot a sling bullet. The sling bullet hits the endoplasm.
You kill the endoplasm!
No target in view!
No target in view!
Found a stone staircase leading down.
A bat comes into view.
You shoot a sling bullet.
The sling bullet completely misses the bat.
You hear a shout!
The bat hits you but does no damage.
You shoot a sling bullet. The sling bullet barely misses the bat.
The bat hits you.
A goblin comes into view. It is wielding a +0 club.
The bat hits you but does no damage.
You shoot a sling bullet.
The sling bullet hits the bat but does no damage.
The bat misses you. The bat hits you. The bat misses you.
You shoot a sling bullet. The sling bullet hits the bat.
You kill the bat!
You shoot a sling bullet. The sling bullet hits the goblin!
You kill the goblin!
No target in view!
No target in view!
Things that are here:
a +0 club; a bat corpse An endoplasm comes into view.
The endoplasm moves out of view.
An endoplasm comes into view.
You shoot a sling bullet.
The sling bullet hits the endoplasm but does no damage.
The endoplasm quivers.
You shoot a sling bullet. The sling bullet hits the endoplasm.
The endoplasm is moderately wounded.
You shoot a sling bullet.
The sling bullet completely misses the endoplasm.
You shoot a sling bullet.
The sling bullet hits the endoplasm but does no damage.
The endoplasm is moderately wounded.
The endoplasm closely misses you.
You shoot a sling bullet. The sling bullet hits the endoplasm.
You kill the endoplasm!
As you open the door, it creaks loudly!
There is an open door here.
e - a black potion You open the door.
There is an open door here.
f - an inky potion
Found 9 stones.
g - a coppery potion A bat comes into view.
You see here 9 stones.
You shoot a sling bullet. The sling bullet hits the bat.
The bat is heavily wounded.
You shoot a sling bullet. The sling bullet misses the bat.
The bat hits you but does no damage. The bat misses you.
You shoot a sling bullet.
The sling bullet hits the bat but does no damage.
The bat is moderately wounded.
The bat hits you but does no damage. x2
You shoot a sling bullet.
The sling bullet closely misses the bat.
The bat hits you but does no damage.
You shoot a sling bullet. The sling bullet hits the bat!
You kill the bat!
You have reached level 2!
Found a stone staircase leading down.
An endoplasm comes into view.
An endoplasm is nearby!
You shoot a sling bullet. The sling bullet hits the endoplasm.
The endoplasm quivers.
The endoplasm is moderately wounded.
You shoot a sling bullet. The sling bullet hits the endoplasm.
You kill the endoplasm!
No target in view!
No target in view!
There is a stone staircase leading down here.
You now have 46 gold pieces (gained 5).
A ball python comes into view.
You shoot a sling bullet. The sling bullet hits the ball python!
You kill the ball python!
No target in view!
No target in view!
Found a dagger.
You now have 58 gold pieces (gained 12).
A rat comes into view.
Found a fizzy grey potion.
You shoot a sling bullet. The sling bullet hits the rat!
You kill the rat!
No target in view!
No target in view!
No target in view!
You enter the shallow water.
Moving in this stuff is going to be slow.
h - a fizzy grey potion You now have 71 gold pieces (gained 13).
You open the door.
There is an open door here.
You open the door.
There is an open door here.
You open the door.
There is an open door here.
You open the door.
There is an open door here.
There is an open door here.
There is an open door here.
You open the door.
There is an open door here.
As you open the door, it creaks loudly!
There is an open door here.
There is an open door here.
There is an open door here.
You open the door.
There is an open door here.
You open the door.
There is an open door here.
You now have 76 gold pieces (gained 5).
You see here a +0 ring mail.
You open the door.
There is an open door here.
Done exploring.
Done exploring.
There is an open door here.
There is a stone staircase leading down here.
You have 76 gold pieces.
There is an open door here.
There is an entrance to Jyzihusu's Assorted Antiques here.
i - a fuming puce potion;
e - 2 black potions (gained 1)
g - 2 coppery potions (gained 1) Thank you for shopping at Jyzihusu's Assorted Antiques!
There is a fountain of clear blue water here.
There is an open door here.
There is a stone staircase leading down here.
You climb downwards.
There is a stone staircase leading up here.
A giant cockroach and an adder come into view.
The adder hisses angrily.
You see here 12 gold pieces.
You shoot a sling bullet.
The sling bullet closely misses the adder.
You shoot a sling bullet.
The sling bullet closely misses the adder.
The adder barely misses you.
You shoot a sling bullet.
The sling bullet closely misses the adder.
The adder closely misses you.
You shoot a sling bullet. The sling bullet hits the adder.
The adder is lightly wounded.
The adder bites you but does no damage. The adder closely misses you.
You shoot a sling bullet. The sling bullet hits the adder.
The adder is heavily wounded.
The adder closely misses you. The adder bites you.
You shoot a sling bullet.
The sling bullet closely misses the adder.
The adder bites you but does no damage.
You shoot a sling bullet. The sling bullet hits the adder.
The adder is almost dead.
The adder misses you. The adder closely misses you.
You shoot a sling bullet. The sling bullet hits the adder.
The adder is almost dead.
The adder barely misses you. x2
You shoot a sling bullet. The sling bullet hits the adder.
You kill the adder!
The giant cockroach bites you.
Your Stealth skill increases to level 1!
You shoot a sling bullet.
The sling bullet hits the giant cockroach!
You kill the giant cockroach!
No target in view!
No target in view!
HP restored.
You now have 22 gold pieces (gained 12).
A goblin comes into view. It is wielding a +0 dagger.
Found a scroll labelled MUASCHINETH.
The goblin shouts!
Things that are here:
a giant cockroach corpse; an adder corpse You shoot a sling bullet.
The sling bullet closely misses the goblin.
An endoplasm comes into view.
You shoot a sling bullet. The endoplasm quivers.
The sling bullet hits the goblin.
You kill the goblin!
You shoot a sling bullet. The sling bullet hits the endoplasm.
The endoplasm is severely wounded.
You shoot a sling bullet. The sling bullet hits the endoplasm.
You kill the endoplasm!
No target in view!
No target in view!
No target in view!
A dart slug comes into view.
You shoot a sling bullet. The sling bullet hits the dart slug.
The dart slug is severely wounded.
You shoot a sling bullet.
The sling bullet barely misses the dart slug.
The dart slug launches a dart at you. The slug dart misses you.
You shoot a sling bullet.
The sling bullet barely misses the dart slug.
You shoot a sling bullet. The sling bullet hits the dart slug!
You kill the dart slug!
No target in view!
No target in view!
No target in view!
A ball python comes into view.
You see here 5 gold pieces.
You shoot a sling bullet.
The sling bullet closely misses the ball python.
The ball python hisses angrily.
You shoot a sling bullet.
The sling bullet barely misses the ball python.
You shoot a sling bullet.
The sling bullet closely misses the ball python.
You shoot a sling bullet.
The sling bullet closely misses the ball python.
The ball python barely misses you. The ball python closely misses you.
You shoot a sling bullet. The sling bullet hits the ball python.
The ball python is severely wounded.
A rat comes into view.
The ball python bites you but does no damage.
The ball python grabs you. The ball python constricts you.
You shoot a sling bullet. The sling bullet hits the ball python!
You kill the ball python!
You shoot a sling bullet. The sling bullet barely misses the rat.
You shoot a sling bullet.
The sling bullet closely misses the rat.
You shoot a sling bullet. The sling bullet hits the rat.
You kill the rat!
You have reached level 3!
Your experience leads to a dramatic increase in your attributes!
Increase (S)trength, (I)ntelligence, or (D)exterity?
You feel agile. x4
You now have 27 gold pieces (gained 5).
j - a scroll labelled MUASCHINETH You see here a dart slug corpse.
You now have 35 gold pieces (gained 8).
You now have 48 gold pieces (gained 13).
Things that are here:
a +0 dagger; a goblin corpse
k - a ring of flight You fly up into the air.
k - a ring of flight (left hand)
Things that are here:
a +0 dagger; a goblin corpse You now have 54 gold pieces (gained 6).
l - a brown potion
Found a long sword.
A quokka comes into view.
You shoot a sling bullet. The sling bullet hits the quokka.
The quokka is heavily wounded.
You shoot a sling bullet.
The sling bullet closely misses the quokka.
You shoot a sling bullet.
The sling bullet barely misses the quokka.
The quokka misses you. The quokka bites you.
You shoot a sling bullet.
The sling bullet hits the quokka but does no damage.
The quokka is heavily wounded.
The quokka completely misses you.
You shoot a sling bullet.
The sling bullet barely misses the quokka.
The quokka barely misses you. x2
You shoot a sling bullet. The sling bullet hits the quokka!
You kill the quokka!
No target in view!
No target in view!
Found a book of Spatial Translocations.
You see here a +0 long sword.
m - a +0 long sword Adjust to which letter? (? for menu, Esc to quit)
a - a +0 long sword;
m - a +1 sling (weapon)
Adjust to which letter? (? for menu, Esc to quit)
b - a +1 sling (weapon);
m - a scroll of poison A goblin and a kobold come into view.
You shoot a sling bullet.
The sling bullet hits the kobold but does no damage.
The kobold shouts!
A goblin comes into view. It is wielding a +0 dagger.
You shoot a sling bullet.
The sling bullet barely misses the goblin.
The goblin shouts!
You shoot a sling bullet. The sling bullet hits the goblin.
You kill the goblin!
The kobold throws a stone.
The stone barely misses you. The goblin barely misses you.
The goblin attacks as you move away! The goblin closely misses you.
The kobold attacks as you move away! The kobold barely misses you.
a - a +0 long sword (weapon)
The goblin hits you but does no damage.
You hit the goblin.
You kill the goblin!
You slash the kobold!
You kill the kobold!
No target in view!
Things that are here:
a +0 short sword; 4 stones; a +0 club
b - a +1 sling (weapon)
You see here a quokka corpse.
You pick up a book of Spatial Translocations and begin reading...
You add the spells Blink, Momentum Strike and Lesser Beckoning to your library.
You now have 58 gold pieces (gained 4). 2 gnolls come into view.
Found a scroll labelled JITRUE VIUGEBB.
You shoot a sling bullet. The sling bullet hits the gnoll.
The gnoll shouts!
The gnoll is lightly wounded.
A quokka comes into view.
You see here a quokka corpse.
Things that are here:
a +0 short sword; 4 stones; a +0 club You shoot a sling bullet.
The sling bullet hits the gnoll.
The gnoll is moderately wounded.
You shoot a sling bullet.
The sling bullet closely misses the gnoll.
You shoot a sling bullet. The sling bullet hits the gnoll.
The gnoll is severely wounded.
a - a +0 long sword (weapon)
You barely miss the gnoll.
The gnoll is severely wounded.
The gnoll hits you with a +0 club!
You slash the gnoll!
You kill the gnoll!
You see here a +0 club.
b - a +1 sling (weapon)
You start resting.
HP restored.
A gnoll comes into view. It is wielding a +0 club.
Things that are here:
a +0 short sword; 4 stones; a +0 club You shoot a sling bullet.
The gnoll shouts!
The sling bullet hits the gnoll!
The gnoll is heavily wounded.
You shoot a sling bullet.
The sling bullet barely misses the gnoll.
You shoot a sling bullet. The sling bullet hits the gnoll!
You kill the gnoll!
You see here a quokka corpse.
You shoot a sling bullet.
The sling bullet barely misses the gnoll.
The gnoll shouts!
You shoot a sling bullet. The sling bullet hits the gnoll.
The gnoll is moderately wounded.
You shoot a sling bullet. The sling bullet hits the gnoll.
The gnoll is heavily wounded.
You shoot a sling bullet.
The sling bullet barely misses the gnoll.
a - a +0 long sword (weapon)
The gnoll hits you with a +0 club.
You slash the gnoll!
You kill the gnoll!
b - a +1 sling (weapon)
Found 8 stones.
A kobold comes into view. It is wielding a +0 short sword.
You shoot a sling bullet. The sling bullet hits the kobold!
You kill the kobold!
No target in view!
You now have 68 gold pieces (gained 10).
n - 2 white potions You reach down and open the door.
Found Qiudyc's Antique Armour Shoppe.
There is an open door here.
There is an entrance to Qiudyc's Antique Armour Shoppe here.
You reach down and open the door.
There is an open door here.
Found a ring mail.
A quokka is nearby!
You shoot a sling bullet.
The sling bullet closely misses the quokka.
You shoot a sling bullet. The sling bullet hits the quokka!
You kill the quokka!
Your Dodging skill increases to level 3!
No target in view!
No target in view!
You see here a quokka corpse.
Found a stone staircase leading down.
A hobgoblin comes into view.
You shoot a sling bullet. The sling bullet hits the hobgoblin.
You kill the hobgoblin!
Your Long Blades skill increases to level 1!
No target in view!
No target in view!
There is a stone staircase leading down here.
Found 2 boomerangs.
Found 4 stones.
Found a stone staircase leading down.
Found a stone staircase leading down.
You see here 2 boomerangs.
o - 2 boomerangs A worm comes into view.
You shoot a sling bullet. The sling bullet hits the worm.
The worm is lightly wounded.
You shoot a sling bullet. The sling bullet hits the worm.
The worm is moderately wounded.
You shoot a sling bullet.
The sling bullet barely misses the worm.
You shoot a sling bullet. The sling bullet hits the worm.
The worm is heavily wounded.
You shoot a sling bullet. The sling bullet hits the worm!
The worm is severely wounded.
You shoot a sling bullet. The sling bullet hits the worm!
You kill the worm!
No target in view!
No target in view!
There is a stone staircase leading down here.
Found a stone staircase leading up.
A giant cockroach comes into view.
A giant cockroach is nearby!
You shoot a sling bullet.
The sling bullet hits the giant cockroach.
You kill the giant cockroach!
No target in view!
No target in view!
There is a stone staircase leading up here.
An adder comes into view.
You shoot a sling bullet. The sling bullet hits the adder.
The adder hisses angrily.
The adder is moderately wounded.
You shoot a sling bullet. The sling bullet hits the adder.
The adder is moderately wounded.
You shoot a sling bullet.
The sling bullet barely misses the adder.
You shoot a sling bullet. The sling bullet misses the adder.
The adder bites you.
You are poisoned.
The adder poisons you!
You shoot a sling bullet.
The sling bullet barely misses the adder.
You feel sick. The adder misses you. The adder bites you.
You are more poisoned.
The adder poisons you!
You shoot a sling bullet. The sling bullet hits the adder.
The adder is heavily wounded.
You feel very sick. The adder bites you.
You are more poisoned.
The adder poisons you! The adder bites you.
You shoot a sling bullet.
The sling bullet closely misses the adder.
You feel very sick. The adder bites you but does no damage.
a - a +0 long sword (weapon)
You feel sick. The adder misses you.
You are too injured to fight recklessly!
You are too injured to fight recklessly!
You closely miss the adder.
The adder is heavily wounded.
You feel very sick. The adder barely misses you. x2
You hit the adder but do no damage.
The adder is heavily wounded.
You feel sick. The adder barely misses you.
You miss the adder.
The adder is heavily wounded.
You feel sick. The adder bites you.
* * * LOW HITPOINT WARNING * * *
The adder bites you.
* * * LOW HITPOINT WARNING * * *
It was a potion of lignification.
You turn into a tree.
Your +0 robe melds into your body.
Your roots penetrate the ground.
* * * LOW HITPOINT WARNING * * *
You feel sick.
The adder bites you but does no damage. x2
It was a potion of might.
You feel very mighty all of a sudden.
* * * LOW HITPOINT WARNING * * *
You feel sick. The adder bites you but does no damage.
It was a potion of haste.
You feel yourself speed up.
* * * LOW HITPOINT WARNING * * *
You feel sick.
You are no longer poisoned.
The adder barely misses you.
Okay, then.
Unknown command.
You hit the adder.
The adder is heavily wounded.
The adder bites you but does no damage.
You barely miss the adder.
The adder is heavily wounded.
The adder bites you but does no damage.
You slash the adder!
You kill the adder!
You have reached level 4!
You start resting.
Your transformation is almost over.
You start resting.
You feel less wooden.
Your +0 robe unmelds from your body.
You start resting.
Your extra speed is starting to run out.
You start resting.
You feel yourself slow down.
You start resting.
You feel a little less mighty now.
You start resting.
HP restored.
b - a +1 sling (weapon)
You see here an adder corpse.
You see here a +0 club.
Things that are here:
a +0 short sword; 4 stones; a +0 club
Found a stone staircase leading up.
f - a scroll labelled JITRUE VIUGEBB
There is a stone staircase leading up here.
Found a leather armour.
Found a dagger.
You see here a +0 dagger.
Done exploring.
Done exploring.
A hobgoblin comes into view.
You shoot a sling bullet. The sling bullet hits the hobgoblin!
You kill the hobgoblin!
No target in view!
No target in view!
No target in view!
You have 68 gold pieces.
(D) Dungeon
Where to? (Enter - D:2 @ (x,y), ? - help)
There is a stone staircase leading down here.
You fly downwards.
Found a stone staircase leading up.
There is a stone staircase leading up here.
There is a stone staircase leading up here.
n - 3 white potions (gained 1)
You reach down and open the door.
A frilled lizard comes into view.
Found a scroll labelled MUASCHINETH.
You shoot a sling bullet.
The sling bullet hits the frilled lizard.
You kill the frilled lizard!
No target in view!
No target in view!
There is an open door here.
j - 2 scrolls labelled MUASCHINETH (gained 1)
You reach down and open the door.
There is an open door here.
You now have 82 gold pieces (gained 14).
p - a scroll labelled LIGOMI NUKI
Found a stone staircase leading up.
There is a stone staircase leading up here.
n - 4 white potions (gained 1)
Found a stone staircase leading down.
Found a glowing golden altar of the Shining One.
There is a stone staircase leading down here.
q - a +4 ring of protection You reach down and open the door.
There is an open door here.
j - 3 scrolls labelled MUASCHINETH (gained 1)
You reach down and open the door.
A hobgoblin comes into view.
The hobgoblin shouts!
q - a +4 ring of protection (right hand)
You shoot a sling bullet.
The sling bullet barely misses the hobgoblin.
You shoot a sling bullet.
The sling bullet hits the hobgoblin but does no damage.
You shoot a sling bullet.
The sling bullet barely misses the hobgoblin.
You shoot a sling bullet. The sling bullet hits the hobgoblin!
You kill the hobgoblin!
No target in view!
No target in view!
There is an open door here.
You now have 98 gold pieces (gained 16).
Found a whip.
Found a stone staircase leading down.
There is a stone staircase leading down here.
You reach down and open the door.
There is an open door here.
There is an open door here.
There is a stone staircase leading up here.
There is a stone staircase leading up here.
A ball python comes into view.
You shoot a sling bullet. The ball python hisses angrily.
The sling bullet hits the ball python.
You kill the ball python!
No target in view!
No target in view!
r - a scroll labelled GIPTEL LATHRUN A ball python comes into view.
You shoot a sling bullet. The sling bullet hits the ball python!
You kill the ball python!
No target in view!
No target in view!
You reach down and open the door.
There is an open door here.
Found a white marble altar of Elyvilon.
A ball python comes into view.
You see here 10 gold pieces.
You shoot a sling bullet. The sling bullet hits the ball python.
The ball python hisses angrily.
The ball python is severely wounded.
You shoot a sling bullet. The sling bullet hits the ball python.
You kill the ball python!
No target in view!
You now have 108 gold pieces (gained 10).
You now have 113 gold pieces (gained 5).
A hobgoblin comes into view.
The hobgoblin shouts!
You shoot a sling bullet.
The sling bullet hits the hobgoblin but does no damage.
The hobgoblin barely misses you.
You shoot a sling bullet.
The sling bullet closely misses the hobgoblin.
The hobgoblin hits you.
a - a +0 long sword (weapon)
The hobgoblin hits you but does no damage.
You hit the hobgoblin.
The hobgoblin is almost dead.
The hobgoblin hits you but does no damage.
You slash the hobgoblin!
You kill the hobgoblin!
No target in view!
b - a +1 sling (weapon)
s - a scroll labelled UTOWEA SAED You reach down and open the door.
There is an open door here.
t - a scroll labelled RORHOEPUNA A rat comes into view.
You shoot a sling bullet. The sling bullet hits the rat.
You kill the rat!
No target in view!
No target in view!
You now have 126 gold pieces (gained 13).
Found a stone staircase leading down.
There is an open door here.
Done exploring.
Done exploring.
Search for what [? for help]? : Unknown command.
There is an open door here.
You reach down and open the door.
There is an open door here.
There is a stone staircase leading down here.
You fly downwards.
You hear the sound of rushing water.
There is an entrance to a sewer on this level.
Hurry and find it before the portal rusts away!
The orc shouts!
The orc wizard shouts!
The orc shouts! x2
There is a stone staircase leading up here.
a - a +0 long sword (weapon)
You barely miss the orc wizard. The orc closely misses you.
The orc wizard hits you with a +0 dagger.
You slash the orc wizard!
The orc wizard is severely wounded.
The orc hits you but does no damage.
The orc wizard hits you but does no damage.
The orc barely misses you.
You slash the orc!
You kill the orc!
The orc hits you but does no damage.
You hit the orc.
The orc is almost dead.
The orc barely misses you.
You hit the orc.
You kill the orc!
The orc wizard points at you and mumbles some strange words.
You are confused.
You closely miss the orc wizard.
The orc wizard is severely wounded.
The orc wizard barely misses you.
You closely miss the orc wizard.
The orc wizard is heavily wounded.
The orc wizard hits you with a +0 dagger.
You closely miss the orc wizard.
The orc wizard is heavily wounded.
The orc wizard hits you with a +0 dagger.
The orc wizard closely misses you.
You bump into the rock wall.
The orc wizard barely misses you.
You're too confused to move!
The orc wizard completely misses you.
You bump into the rock wall.
The orc wizard hits you with a +0 dagger.
You feel less confused.
Things that are here:
a +0 falchion; an orc corpse You barely miss the orc wizard.
The orc wizard is heavily wounded.
The orc wizard casts a spell.
The orc wizard flickers and vanishes!
Deactivating autopickup; reactivate with Ctrl-A.
You closely miss something. Something hits you but does no damage.
You closely miss something.
You hear some strange, mumbled words.
A puff of flame appears from out of thin air!
The puff of flame hits you.
You hear some strange, mumbled words.
You are confused.
You bump into the rock wall.
Something hits you.
You closely miss something. Something hits you but does no damage.
You hit something. Something hits you but does no damage.
You bump into the rock wall.
Something hits you.
You bump into the rock wall.
You feel less confused. The orc hits you with a +0 club. Something hits you.
You hit something.
Reactivating autopickup.
You feel a bit more experienced. The orc hits you with a +0 club.
The orc misses you.
You hit the orc.
The orc is lightly wounded.
The orc hits you but does no damage. The orc hits you with a +0 club.
You barely miss the orc.
The orc is lightly wounded.
The orc closely misses you.
You slash the orc!
You kill the orc!
The orc completely misses you.
You hit the orc.
The orc is moderately wounded.
The orc closely misses you.
You barely miss the orc.
The orc is moderately wounded.
The orc hits you with a +0 club.
You slash the orc!
You kill the orc!
Items here: )) [ †.
Things that are here:
a +0 dagger; a +0 robe; an orc corpse
Things that are here:
a +0 falchion; an orc corpse
There is a stone staircase leading up here.
Things that are here:
a +0 dagger; a +0 scale mail You hear the slow rusting of a distant drain.
A jelly comes into view.
b - a +1 sling (weapon)
You shoot a sling bullet. The sling bullet hits the jelly.
The jelly quivers.
The jelly is lightly wounded.
You shoot a sling bullet.
The sling bullet barely misses the jelly.
You shoot a sling bullet. The sling bullet hits the jelly.
The jelly is moderately wounded.
You shoot a sling bullet. The sling bullet hits the jelly.
The jelly is heavily wounded.
You shoot a sling bullet.
The sling bullet hits the jelly but does no damage.
The jelly is heavily wounded.
The jelly barely misses you.
a - a +0 long sword (weapon)
You hit the jelly. The acid corrodes you!
Your hands burn!
The jelly is heavily wounded.
The jelly misses you.
You hit the jelly but do no damage.
Your hands burn!
The jelly is heavily wounded.
The jelly hits you. The acid corrodes you!
You are splashed with acid!
* * * LOW HITPOINT WARNING * * *
The jelly barely misses you.
You are too injured to fight recklessly!
You hit the jelly.
Your hands burn!
* * * LOW HITPOINT WARNING * * *
The jelly is heavily wounded.
The jelly hits you.
* * * LOW HITPOINT WARNING * * *
The acid corrodes you!
You are splashed with acid!
You die...

Skill      XL: |  1  2  3 |
---------------+----------+-----
Fighting       | 1 |  1.9
Dodging        | 2 3 |  3.2
Stealth        | 1 |  1.8
Long Blades    | 1 |  1.6
Ranged Weapons | |  1.7
Spellcasting   | |  1.0
Hexes          | |  2.6

Action                     |  1- 3 |  4- 6 || total
---------------------------+-------+-------++-------
  Melee: Long sword        |    11 |    25 ||    36
   Fire: Sling             |    95 |    18 ||   113
    Use: Potion            |     3 |       ||     3
 Armour: Robe              |    11 |     9 ||    20
         Skin              |     5 |       ||     5
  Dodge: Dodged            |    29 |    15 ||    44

Levels and vault maps discovered:
D:1:      minmay_arrival_doors, layout_basic, serial_shops, shop_fountains,
          chequers_serial_rivers_micro_a
D:2:      layout_rooms, serial_shops, nicolae_shop_behind_doors
D:3:      layout_loops_corners, elyvilon_altar_5, lemuel_round_altar
D:4:      layout_basic, portal_sewer_entry_f, minmay_misc_feat_rows,
          minivault_19

Notes
Turn   | Place    | Note
-------+----------+-------------------------------------------
     0 | D:1      | scionoferis the Demigod Hexslinger began the quest for the
                  | Orb.
     0 | D:1      | Reached XP level 1. HP: 15/15 MP: 4/4
    54 | D:1      | Found Jyzihusu's Assorted Antiques.
    80 | D:1      | Reached skill level 1 in Fighting
    80 | D:1      | Reached skill level 2 in Dodging
   261 | D:1      | Reached XP level 2. HP: 23/23 MP: 5/5
   489 | D:1      | Bought a fuming puce potion for 22 gold pieces
   489 | D:1      | Bought a black potion for 22 gold pieces
   489 | D:1      | Bought a coppery potion for 22 gold pieces
   519 | D:2      | Reached skill level 1 in Stealth
   550 | D:2      | Reached XP level 3. HP: 28/28 MP: 6/6
   819 | D:2      | Found Qiudyc's Antique Armour Shoppe.
   843 | D:2      | Reached skill level 3 in Dodging
   863 | D:2      | Reached skill level 1 in Long Blades
   932 | D:2      | HP: 2/29 [adder (3)]
   939 | D:2      | Reached XP level 4. HP: 2/36 MP: 8/8
  2111 | D:4      | HP: 3/36 [acid (5)]
  2111 | D:4      | Splashed by a jelly's acid

Vanquished Creatures
  An orc wizard (D:4)
  2 adders (D:2)
  3 gnolls (D:2)
  A worm (D:2)
  2 dart slugs (D:1 D:2)
  4 orcs (D:4)
  5 ball pythons (D:1 D:2 D:3)
  4 endoplasms (D:1 D:2)
  2 giant cockroaches (D:2)
  5 goblins (D:1 D:2)
  4 hobgoblins (D:2 D:3)
  2 kobolds (D:2)
  2 quokkas (D:2)
  2 bats (D:1)
  A frilled lizard (D:3)
  4 rats (D:1 D:2 D:3)
44 creatures vanquished.

Table legend: (Time is in decaauts)
 A = Elapsed time spent in this place.
 B = Non-inter-level travel time spent in this place.
 C = Inter-level travel time spent in this place.
 D = Time resting spent in this place.
 E = Time spent auto-exploring this place.
 F = Levels seen in this place.
 G = Mean time per level.
                   A        B        C        D        E       F      G
               +--------+--------+--------+--------+--------+-----+--------+
         Total |   2131 |   2012 |    119 |    166 |   1494 |   4 |  532.8 |
       Dungeon |   2131 |   2012 |    119 |    166 |   1494 |   4 |  532.8 |
               +--------+--------+--------+--------+--------+-----+--------+

Top non-repeatable levels by time:
     D:3: 803 daAuts
     D:2: 751 daAuts
     D:1: 514 daAuts
     D:4: 62 daAuts

Table legend:
 A = Non-vault XP
 B = Vault XP
 C = Vault XP percentage of total XP
 D = Non-vault monster count
 E = Vault monster count
 F = Vault count percentage of total count
                 A         B        C        D         E       F
            +---------+---------+-------+---------+---------+-------
      Total |     187 |       0 |   0.0 |      44 |       0 |   0.0
            +---------+---------+-------+---------+---------+-------
        D:1 |      21 |       0 |   0.0 |      11 |       0 |   0.0
        D:2 |     109 |       0 |   0.0 |      21 |       0 |   0.0
        D:3 |      10 |       0 |   0.0 |       7 |       0 |   0.0
        D:4 |      47 |       0 |   0.0 |       5 |       0 |   0.0
            +---------+---------+-------+---------+---------+-------
